 Dungeon Crawl Stone Soup version 0.23.0 (webtiles) character file.

Game seed: 6405026419147317811

2466 xeno23 the Caller (level 9, 0/68 HPs)
             Began as a Mummy Summoner on Feb 13, 2019.
             Was an Initiate of Gozag.
             Slain by a killer bee (4 damage)
             ... on level 7 of the Dungeon.
             The game lasted 00:37:58 (11625 turns).

xeno23 the Caller (Mummy Summoner)                 Turns: 11625, Time: 00:37:59

Health: 0/68       AC:  3    Str: 11    XL:     9   Next: 26%
Magic:  8/19       EV: 12    Int: 20    God:    Gozag
Gold:   857        SH:  0    Dex: 12    Spells: 7/21 levels left

rFire    x . .     SeeInvis .   l - +2 whip (venom)
rCold    + . .     Gourm    .   (no shield)
rNeg     + + +     Faith    .   a - +0 robe
rPois    ∞         Spirit   .   (no helmet)
rElec    .         Reflect  .   p - +0 cloak "Retufa" {Int+2}
rCorr    .         Harm     .   (no gloves)
MR       +....                  (no boots)
Stlth    ++........             (no amulet)
HPRegen  0.21/turn              (no ring)
MPRegen  0.16/turn              (no ring)

@: gold aura
A: no food or potions, fire vulnerability, cold resistance 1, negative energy
resistance 3, torment resistance, unbreathing
a: Potion Petition, Call Merchant, Bribe Branch, Renounce Religion


You were on level 7 of the Dungeon.
You worshipped Gozag.
Gozag was pleased with you.
You were not hungry.

You visited 2 branches of the dungeon, and saw 8 of its levels.
You also visited: Ossuary.

You collected 1091 gold pieces.
You paid 234 gold pieces to Gozag.

Inventory:

Hand Weapons
 f - a +3 halberd of freezing
 j - a +0 falchion
 l - a +2 whip of venom (weapon)
Missiles
 n - 9 poisoned needles
 r - 6 javelins (quivered)
 s - a throwing net
Armour
 a - a +0 robe (worn)
 k - a +0 leather armour
 p - the +0 cloak "Retufa" (worn) {Int+2}
   (You found it on level 5 of the Dungeon)

   It affects your intelligence (+2).
Wands
 e - a wand of iceblast (11)
 m - a wand of acid (12)
 o - a wand of flame (31)
Scrolls
 b - 3 scrolls of teleportation
 c - 3 scrolls of identify
 d - 5 scrolls of remove curse
 g - a scroll of enchant weapon
 h - a scroll of enchant armour
 i - 3 scrolls of fear
 q - 2 scrolls of fog
 t - 2 scrolls of amnesia


   Skills:
 + Level 5.0 Fighting
 * Level 5.4 Polearms
 - Level 1.5 Dodging
 - Level 1.5 Stealth
 + Level 6.8 Spellcasting
 * Level 7.2 Summonings


You had 7 spell levels left.
You knew the following spells:

 Your Spells              Type           Power        Failure   Level  Hunger
a - Summon Small Mammal   Summ           ####         1%          1    N/A
d - Call Canine Familiar  Summ           #####...     1%          3    N/A
q - Summon Lightning Spi  Summ/Air       ###.....     22%         4    N/A
s - Call Imp              Summ           #####...     1%          2    N/A
w - Summon Ice Beast      Ice/Summ       ###.....     22%         4    N/A

Your spell library contained the following spells:

 Spells                   Type           Power        Failure   Level  Hunger
 Summon Guardian Golem    Hex/Summ       ###.....     7%          3    N/A

Dungeon Overview and Level Annotations

Branches:
Dungeon (7/15)             Temple (1/1) D:4

Altars:
Ashenzari
Cheibriados
Dithmenos
Elyvilon
Fedhas
Gozag
Hepliaklqana
Kikubaaqudgha
Makhleb
Nemelex Xobeh
Okawaru
Qazlal
Ru
Sif Muna
Trog
Uskayaw
Vehumet
Wu Jian
Xom
Yredelemnul
Zin
The Shining One


Innate Abilities, Weirdness & Mutations

You do not eat or drink.
Your flesh is vulnerable to fire.
You are immune to poison.
Your flesh is cold resistant. (rC+)
You are immune to negative energy. (rN+++)
You are immune to unholy pain and torment.
You can survive without breathing.


Message History

Your hound dies!
Your hound's corpse disappears in a puff of smoke!
Casting: Summon Ice Beast (slightly dangerous; 22% risk of failure)
Confirm with . or Enter, or press ? or * to list all spells.
The killer bee closely misses you. The killer bee stings you.
Your ice beast hits the killer bee but does no damage.
You take 6 damage.
Casting: Call Canine Familiar (safe; 1% risk of failure)
Confirm with . or Enter, or press ? or * to list all spells.
A beastly little devil appears in a puff of frigid air.
The killer bee stings you!
* * * LOW HITPOINT WARNING * * *
Your hound completely misses the killer bee.
The killer bee stings you!
* * * LOW HITPOINT WARNING * * *
Your ice beast hits the killer bee but does no damage.
You take 17 damage.
Your hound misses the killer bee. The killer bee stings you.
You die...
Your body crumbles into a pile of gold.

### ... #.# .# #.#
####. #.### #.# .....
....# #5# .....###
#.#.# #@# .......#
#.#.# #y# .......#
#.#.###y######
.......###....$h.Y....#
.............###.####.#
................!...
..#...######y###.###
..#...# #.# #.# ..#...#
#.# #.#


You could see 2 killer bees, a friendly ice beast, a friendly hound and a
friendly white imp.

Vanquished Creatures
  Prince Ribbit (D:6)
  2 ogres
  3 centaurs
  3 scorpions
  2 killer bees (D:7)
  3 wights (D:4)
  A howler monkey (D:4)
  4 crimson imps
  3 bullfrog zombies
  A quasit (D:5)
  A human zombie (Ossuary)
  A hound (D:7)
  4 orc wizards
  A gnoll shaman (D:5)
  2 bullfrog skeletons
  2 centaur skeletons
  5 worker ants
  3 big kobold zombies (Ossuary)
  2 mummies (Ossuary)
  12 gnolls
  A howler monkey skeleton (D:4)
  5 adders
  An ooze (D:4)
  An adder skeleton (D:4)
  2 worms
  A dart slug (D:4)
  3 leopard geckos
  25 orcs
  A ball python (D:3)
  5 giant cockroaches
  2 goblins
  4 hobgoblins
  2 jackals (D:4)
  2 quokkas
  4 bats
  5 frilled lizards
  3 gnoll zombies (Ossuary)
  2 goblin zombies (Ossuary)
  A hobgoblin zombie (Ossuary)
  3 leopard gecko zombies (D:5)
  4 orc zombies (Ossuary)
  A quokka skeleton (D:5)
  3 rats
137 creatures vanquished.

Vanquished Creatures (collateral kills)
  An orc warrior (D:6)
  3 ogres
  A phantom (D:3)
  A bullfrog (D:7)
  2 wights
  A crimson imp (D:6)
  A jelly (D:6)
  An orc wizard (D:3)
  3 gnolls
  2 adders (D:3)
  2 shadow imps
  2 leopard geckos (D:1)
  4 orcs
  A bat (D:1)
  A giant cockroach (D:1)
  A hobgoblin (D:1)
27 creatures vanquished.

Grand Total: 164 creatures vanquished

Notes
Turn   | Place    | Note
-------+----------+-------------------------------------------
     0 | D:1      | xeno23 the Mummy Summoner began the quest for the Orb.
     0 | D:1      | Reached XP level 1. HP: 13/13 MP: 4/4
   424 | D:1      | Reached XP level 2. HP: 20/20 MP: 5/5
  1691 | D:2      | Reached skill level 1 in Fighting
  2182 | D:2      | Learned a level 2 spell: Call Imp
  2348 | D:2      | Reached XP level 3. HP: 13/26 MP: 4/7
  2584 | D:3      | Learned a level 3 spell: Call Canine Familiar
  3145 | D:3      | Reached skill level 4 in Summonings
  3601 | D:3      | Reached XP level 4. HP: 7/32 MP: 2/9
  4642 | D:3      | Reached XP level 5. HP: 11/38 MP: 5/10
  4661 | D:3      | Learned a level 4 spell: Summon Ice Beast
  4876 | D:4      | Noticed an ogre
  4908 | D:4      | Noticed a phantom
  5193 | D:3      | Killed a phantom
  5193 | D:3      | Reached skill level 1 in Polearms
  5479 | D:4      | Reached XP level 6. HP: 35/46 MP: 12/12
  5586 | D:4      | Found a staircase to the Ecumenical Temple.
  5873 | D:4      | Reached skill level 5 in Summonings
  6422 | D:4      | Reached XP level 7. HP: 46/52 MP: 12/14
  6781 | D:5      | Entered Level 5 of the Dungeon
  6842 | D:5      | Got a pitted cloak
  6850 | D:5      | Identified the +0 cloak "Retufa" {Int+2} (You found it on
                  | level 5 of the Dungeon)
  6872 | D:5      | Learned a level 4 spell: Summon Lightning Spire
  7282 | D:5      | Reached skill level 5 in Spellcasting
  7310 | D:5      | Found a hazy altar of Hepliaklqana.
  7741 | Temple   | Entered the Ecumenical Temple
  7839 | Temple   | Became a worshipper of Gozag Ym Sagoz the Greedy
  8225 | D:6      | Reached XP level 8. HP: 26/60 MP: 9/16
  8463 | D:5      | Reached skill level 6 in Summonings
 10530 | D:6      | Noticed Prince Ribbit
 10560 | D:6      | Killed Prince Ribbit
 10560 | D:6      | Reached skill level 5 in Polearms
 10560 | D:6      | Reached XP level 9. HP: 27/67 MP: 1/18
 10825 | D:7      | Reached skill level 7 in Summonings
 10852 | D:7      | Found a sand-covered staircase.
 10861 | Ossuary  | Entered an ossuary
 11346 | D:7      | Reached skill level 5 in Fighting
 11455 | D:7      | Found an ornate altar of the Wu Jian Council.
 11625 | D:7      | Slain by a killer bee

Skill      XL: |  1  2  3  4  5  6  7  8  9 |
---------------+----------------------------+-----
Spellcasting   | 3 4 5 6 |  6.8
Fighting       | 1 2 3 4 5 |  5.0
Summonings     | 4 5 6 7 |  7.2
Polearms       | 1 2 3 5 |  5.4
Dodging        | |  1.5
Stealth        | |  1.5

Action                   |  1- 3 |  4- 6 |  7- 9 || total
-------------------------+-------+-------+-------++-------
Melee: Unarmed           |    74 |       |       ||    74
       Dagger            |   165 |    29 |       ||   194
       Falchion          |       |    14 |       ||    14
       Halberd           |       |   103 |   284 ||   387
       Whip              |       |     1 |    14 ||    15
 Cast: Summon Small Mamm |    23 |       |       ||    23
       Call Imp          |     3 |       |    12 ||    15
       Call Canine Famil |     3 |     8 |    24 ||    35
       Summon Ice Beast  |       |       |     1 ||     1
Invok: Potion Petition   |       |       |     2 ||     2
Evoke: Wand              |       |       |     2 ||     2
  Use: Scroll            |     4 |     2 |     4 ||    10
 Stab: Sleeping          |     3 |       |     7 ||    10
       Distracted        |     1 |       |     2 ||     3
Armor: Robe              |    62 |    10 |    46 ||   118
       Leather armour    |       |    30 |     1 ||    31
Dodge: Dodged            |   178 |    76 |   206 ||   460
       Rpst.: Falchion   |       |     2 |       ||     2
